 Dungeon Crawl Stone Soup version 0.19.0-11-g3fc08b3 (webtiles) character file.

1222 JustSomeDude the Poker (level 8, -5/61 HPs)
             Began as a Demonspawn Fighter on Nov 8, 2016.
             Was a Believer of Yredelemnul.
             Hit by a tomahawk thrown by an orc warrior (10 damage)
             ... on level 6 of the Dungeon.
             The game lasted 00:22:40 (5719 turns).

JustSomeDude the Poker (Demonspawn Fighter)         Turns: 5719, Time: 00:22:44

Health: -5/61      AC:  7    Str: 18    XL:     8   Next: 23%
Magic:  11/11      EV:  9    Int: 11    God:    Yredelemnul [**....]
Gold:   363        SH: 14    Dex: 14    Spells: 0 memorised, 7 levels left

rFire  . . .     SeeInvis .     a - +0 trident
rCold  . . .     Gourm    .     o - +0 ring mail
rNeg   . . .     Faith    .     c - +0 shield
rPois  +         Spirit   .     (no helmet)
rElec  .         Reflect  .     h - +0 cloak
rCorr  .         Harm     .     (no gloves)
MR     .....                    (no boots)
Stlth  +.........               (no amulet)
                                d - +2 ring of intelligence
                                k - ring of poison resistance

@: no status effects
A: talons 1, large bone plates 1, foul stench 1, powered by death 1, rot
immunity
a: Animate Remains, Recall Undead Slaves, Injury Mirror, Renounce Religion


You were on level 6 of the Dungeon.
You worshipped Yredelemnul.
Yredelemnul was pleased with you.
You were not hungry.

You visited 2 branches of the dungeon, and saw 7 of its levels.

You collected 363 gold pieces.

Inventory:

Hand Weapons
 a - a +0 trident (weapon)
Missiles
 x - 6 javelins (quivered)
Armour
 b - a +0 scale mail
 c - a +0 shield (worn)
 h - a +0 cloak (worn)
 o - a +0 ring mail (worn)
Jewellery
 d - a +2 ring of intelligence (right hand)
 k - a ring of poison resistance (left hand)
 v - an uncursed ring of fire
 y - an uncursed ring of fire
Wands
 p - a wand of lightning (8/15)
Scrolls
 j - a scroll of enchant weapon {unknown}
 l - 2 scrolls of identify
 q - 3 scrolls of fear
 t - 2 scrolls of remove curse
 w - a scroll of fog
 z - a scroll of enchant armour {unknown}
 A - a scroll of teleportation
 B - a scroll of amnesia {unknown}
 C - a scroll of magic mapping
Potions
 e - a potion of invisibility {unknown}
 g - a potion of cancellation {unknown}
 i - 2 potions of agility
 n - a potion of degeneration {unknown}
 r - 3 potions of berserk rage
 s - a potion of resistance {unknown}
 u - 2 potions of lignification
Comestibles
 f - 4 bread rations


   Skills:
 + Level 4.7 Fighting
 + Level 5.3 Polearms
 + Level 4.1 Armour
 + Level 2.1 Dodging
 + Level 0.6 Stealth
 + Level 4.7 Shields
 * Level 4.4 Invocations


You had 7 spell levels left.
You didn't know any spells.

Dungeon Overview and Level Annotations

Branches:
Dungeon (6/15)             Temple (1/1) D:5

Altars:
Ashenzari
Cheibriados
Elyvilon
Fedhas
Gozag
Hepliaklqana
Makhleb
Okawaru
Qazlal
Ru
Sif Muna
Trog
Uskayaw
Vehumet
Xom
Yredelemnul
The Shining One

Shops:
D:5 [

Annotations:
D:3 Wingboner's ghost, amateur TrTm


Innate Abilities, Weirdness & Mutations

You have sharp toenails.
You are partially covered in large bone plates. (SH +4)
You may emit foul miasma when damaged in melee.
You regenerate a little health from kills.
You are immune to rotting.


Message History

You reach to attack!
You barely miss the orc warrior.
The orc warrior is lightly wounded.
The orc warrior hits you from afar with a trident!
* * * LOW HITPOINT WARNING * * *
Something closely misses the orc warrior.
Your adder zombie bites the orc warrior but does no damage.
The orc warrior throws a tomahawk.
You block the tomahawk.
Your adder zombie barely misses the orc warrior.
Something hits the orc warrior but does no damage.
You see here a tomahawk.
Throwing (i - inventory):
x - 7 javelins (quivered)
Press: ? - help, Shift-Dir - straight line, f/p - orc warrior
Aim: an orc warrior, wielding a trident and wearing a chain mail (lightly wounded)
You throw a javelin.
The javelin hits the orc warrior but does no damage.
The orc warrior is lightly wounded.
Your adder zombie misses the orc warrior.
The orc warrior throws a tomahawk.
The tomahawk hits you!
You die...
Your body rises from the dead as a mindless zombie.

######## #......#
###########......###
..........((.....'..
###########(.....## #
#).(...# ##
#..(...####### Z#
#...(........# '#######
#.....@......# ...Z...#
#...≈).......# .......#
##ZZ#≈...≈...#
.......#####≈.o#≈#≈#≈###
...........≈#...#≈#.#≈#
...........#≈#.. #...#≈#
##.........##≈#. #...#≈
...........# #≈# #...
...........# .# #.


You could see an orc warrior, a friendly adder zombie and a friendly orc wizard
zombie.

Vanquished Creatures
  Duvessa (D:4)
  A sky beast (D:5)
  An ice beast (D:5)
  3 ogres (D:5)
  A phantom (D:4)
  A crimson imp (D:5)
  An orc priest (D:4)
  8 orc wizards
  3 worker ants (D:4)
  A killer bee zombie (D:5)
  A hound skeleton (D:4)
  3 adders
  3 worms
  3 adder skeletons
  4 dart slugs
  6 leopard geckos
  27 orcs
  5 bats
  12 giant cockroaches
  12 goblins
  9 hobgoblins
  2 jackals (D:1)
  8 kobolds
  3 quokkas
  A ball python (D:1)
  7 frilled lizards
  A quokka zombie (D:5)
  8 rats
136 creatures vanquished.

Vanquished Creatures (collateral kills)
  Dowan (D:4)
  A crimson imp (D:5)
  An adder (D:6)
  2 frilled lizards (D:4)
5 creatures vanquished.

Vanquished Creatures (others)
  An ogre zombie (D:5)
  A dart slug zombie (D:3)
  4 frilled lizard zombies
  A goblin zombie (D:3)
  5 orc zombies
12 creatures vanquished.

Grand Total: 153 creatures vanquished

Notes
Turn   | Place    | Note
-------+----------+-------------------------------------------
     0 | D:1      | JustSomeDude the Demonspawn Fighter began the quest for the Orb.
     0 | D:1      | Reached XP level 1. HP: 18/18 MP: 1/1
   137 | D:1      | Gained mutation: You have sharp toenails. [demonic ancestry]
   137 | D:1      | Reached XP level 2. HP: 24/24 MP: 2/2
   207 | D:1      | Reached skill level 2 in Polearms
   682 | D:2      | Reached XP level 3. HP: 26/29 MP: 3/3
   866 | D:2      | Gained mutation: You are partially covered in large bone plates. (SH +4) [demonic ancestry]
   866 | D:2      | Reached XP level 4. HP: 28/37 MP: 4/4
  1435 | D:3      | Noticed Wingboner's ghost (amateur TrTm)
  1746 | D:3      | Reached skill level 1 in Dodging
  1804 | D:3      | Found a bloodstained altar of Trog.
  1904 | D:3      | Found an opulent altar of Gozag.
  1934 | D:3      | Found a faded altar of an unknown god.
  1949 | D:3      | Became a worshipper of Yredelemnul the Dark
  1949 | D:3      | Reached * piety under Yredelemnul
  2201 | D:3      | Reached skill level 1 in Invocations
  2201 | D:3      | Gained mutation: You are immune to rotting. [demonic ancestry]
  2201 | D:3      | Reached XP level 5. HP: 33/42 MP: 4/6
  2540 | D:4      | Reached ** piety under Yredelemnul
  2544 | D:4      | Reached skill level 3 in Polearms
  2634 | D:4      | Noticed a phantom
  2788 | D:4      | Noticed Dowan
  3049 | D:4      | Noticed Duvessa
  3172 | D:3      | HP: 2/42 [Wingboner's ghost (13)]
  3649 | D:4      | Gained mutation: You regenerate a little health from kills. [demonic ancestry]
  3649 | D:4      | Reached XP level 6. HP: 40/48 MP: 7/7
  3989 | D:4      | Killed Duvessa
  3989 | D:4      | Reached skill level 4 in Polearms
  3989 | D:4      | Reached XP level 7. HP: 42/54 MP: 9/9
  4006 | D:4      | Killed Dowan
  4242 | D:5      | Entered Level 5 of the Dungeon
  4267 | D:5      | Found a hide-covered altar of Uskayaw.
  4504 | D:5      | Found Muachag's Antique Armour Emporium.
  4654 | D:5      | Reached skill level 5 in Polearms
  4654 | D:5      | Gained mutation: You may emit foul miasma when damaged in melee. [demonic ancestry]
  4654 | D:5      | Reached XP level 8. HP: 27/61 MP: 9/11
  4674 | D:5      | Found a bloodstained altar of Trog.
  4714 | D:5      | Found a staircase to the Ecumenical Temple.
  4775 | Temple   | Entered the Ecumenical Temple
  5719 | D:6      | Hit by a tomahawk thrown by an orc warrior

Skill      XL: |  1  2  3  4  5  6  7 |
---------------+----------------------+-----
Shields        | 3 4 |  4.7
Polearms       | 2 3 4 5 |  5.3
Armour         | 3 4 |  4.1
Dodging        | 1 2 |  2.1
Invocations    | 1 2 3 4 |  4.4
Fighting       | 4 |  4.7
Stealth        | |  0.6

Action                   |  1- 3 |  4- 6 |  7- 9 || total
-------------------------+-------+-------+-------++-------
Melee: Trident           |   134 |   328 |   182 ||   644
       Kick              |    15 |    64 |    44 ||   123
Throw: Javelin           |       |       |     1 ||     1
Invok: Animate Remains   |       |    14 |     6 ||    20
       Recall Undead Sla |       |       |     1 ||     1
Evoke: Wand              |       |     1 |       ||     1
  Use: Scroll            |     1 |     7 |     1 ||     9
       Potion            |       |     4 |     1 ||     5
  Eat: Chunk             |       |     9 |     6 ||    15
       Meat ration       |       |     1 |     1 ||     2
Armor: Scale mail        |    19 |       |       ||    19
       Ring mail         |    18 |    77 |    39 ||   134
       Skin              |       |    12 |       ||    12
Dodge: Dodged            |    36 |    60 |    28 ||   124
Block: Shield            |    46 |   179 |    97 ||   322
